Map: Alcyone LE

Players

电脑难度(新手) - Winner!

  • Race: Terran Terran
  • Spawn Location: 7:00

Toncula

  • Race: Terran Terran
  • League: Diamond
  • Spawn Location: 1:00

VOD

Have the link to the VOD?

Description

Time

  • Played on: Oct. 11, 2023, 1:51 a.m.
  • Length: 9:42
Show
View Real Time Build Order
Export as new Build Order

电脑难度(新手) Terran - Winner!

Build Orders:  

Get SALT Encoding   

  12  0:00  SCV  
  13  0:13  SCV  
  14  0:18  Supply Depot  
  14  0:37  Refinery  
  14  0:42  Barracks  
  14  1:03  Supply Depot  
  14  1:12  Refinery  
  14  1:29  SCV, Marine  
  16  1:41  SCV  
  17  1:54  SCV  
  18  2:00  Marine  
  19  2:06  SCV  
  20  2:18  SCV  
  21  2:30  SCV  
  21  2:32  Marine  
  23  2:43  Orbital Command  
  23  5:44  SCV, Marine  
  23  5:47  Supply Depot  
  25  5:50  Factory  
  25  6:09  SCV  
  26  6:12  Supply Depot  
  26  6:16  Barracks Tech Lab  
  26  6:21  SCV  
  24  6:33  SCV  
  24  6:34  Marine  
  24  6:36  Starport  
  26  6:45  SCV  
  27  6:50  Command Center  
  27  7:06  Marine  
  28  7:13  Starport Tech Lab  
  27  7:32  Raven  
  29  7:38  Marauder  
  30  8:07  Raven, Hellion  
  30  8:10  Supply Depot  
  33  8:22  Command Center  
  33  8:35  Marauder  
  33  8:38  Command Center  
  35  9:04  Hellion  
  36  9:16  Command Center  
  26  9:41  Command Center  
Show
View Real Time Build Order
Export as new Build Order

Toncula Terran 

Build Orders: Reaper Expand 

Get SALT Encoding   

  12  0:00  SCV  
  13  0:12  SCV  
  14  0:17  Supply Depot  
  14  0:24  SCV  
  15  0:38  SCV  
  15  0:39  Barracks  
  16  0:43  Refinery  
  16  0:50  SCV  
  17  1:02  SCV  
  18  1:14  SCV  
  19  1:26  Orbital Command, Reaper  
  20  1:40  Command Center  
  20  1:51  Supply Depot  
  20  1:52  SCV  
  21  1:58  Marine  
  22  2:04  SCV  
  23  2:14  Factory  
  23  2:16  SCV  
  23  2:21  Barracks Reactor  
  24  2:29  SCV  
  25  2:41  SCV  
  25  2:42  Command Center  
  26  2:52  Orbital Command  
  26  2:57  SCV  
  27  3:08  Hellion x2, Marine  
  27  3:10  SCV  
  27  3:12  Refinery  
  33  3:19  SCV  
  34  3:20  Starport  
  34  3:23  SCV  
  35  3:27  Marine  
  35  3:32  Hellion x2  
  35  3:33  SCV  
  41  3:38  SCV  
  42  3:45  SCV  
  43  3:49  Marine  
  43  3:51  SCV  
  43  3:54  Orbital Command  
  47  3:55  Cyclone  
  47  3:56  Cyclone  
  47  4:00  Medivac  
  51  4:03  SCV  
  51  4:07  Supply Depot, SCV  
  53  4:10  Barracks Tech Lab  
  53  4:15  SCV  
  54  4:19  Orbital Command  
  54  4:20  SCV  
  55  4:34  Barracks x2  
  55  4:37  SCV, Supply Depot  
  55  4:38  SCV  
  57  4:39  Stimpack, Marine  
  57  4:43  Starport Reactor  
  57  4:44  SCV  
  59  4:49  Refinery, SCV, Engineering Bay  
  59  4:50  SCV, Engineering Bay  
  59  4:51  Refinery  
  61  4:52  Factory Tech Lab  
  61  4:56  SCV  
  61  4:58  Marine  
  63  5:01  SCV  
  63  5:03  SCV  
  65  5:08  SCV, Supply Depot  
  65  5:14  Siege Tank, SCV  
  67  5:15  SCV  
  67  5:16  Marine  
  67  5:20  SCV  
  67  5:21  Terran Infantry Weapons Level 1  
  73  5:26  SCV  
  73  5:27  SCV  
  73  5:28  Barracks  
  75  5:30  Terran Infantry Armor Level 1  
  75  5:32  Barracks  
  75  5:33  Marine x4  
  75  5:35  SCV  
  80  5:40  SCV  
  80  5:41  SCV  
  82  5:44  Supply Depot  
  82  5:47  SCV, Supply Depot  
  84  5:50  Starport Reactor  
  84  5:54  SCV x2  
  85  6:00  Supply Depot  
  85  6:05  Supply Depot  
  85  6:06  Siege Tank, SCV, Marine x4  
  85  6:08  SCV x2  
  93  6:12  Marine  
  93  6:18  SCV  
  96  6:19  Barracks Reactor  
  96  6:20  Barracks Reactor  
  96  6:21  SCV x2  
  97  6:26  Combat Shield  
  97  6:27  Marine x2  
  97  6:28  Marine x2  
  97  6:29  Medivac  
  97  6:30  SCV  
  104  6:33  Supply Depot, SCV x2  
  104  6:35  Supply Depot  
  104  6:36  Medivac, Marine  
  104  6:38  Siege Tank  
  112  6:42  SCV  
  112  6:43  Supply Depot  
  112  6:45  SCV  
  114  6:47  Armory, Marine  
  114  6:48  Marine x2  
  117  6:54  Marine x2  
  117  6:57  Marine x4, SCV  
  117  6:58  Supply Depot  
  117  7:00  Supply Depot  
  126  7:05  Marine x3  
  127  7:11  Refinery  
  127  7:12  Command Center, Marine x2  
  127  7:15  Siege Tank, Medivac x2, Marine x4  
  140  7:23  Marine x2  
  140  7:24  Marine  
  143  7:32  Marine x2  
  143  7:33  Marine x4  
  149  7:37  Supply Depot  
  149  7:38  Supply Depot  
  149  7:41  Marine x3  
  152  7:48  Refinery  
  152  7:50  Marine x3  
  152  7:51  Marine x2  
  157  7:59  Siege Tank, Marine x3  
  157  8:04  Factory  
  163  8:07  Marine  
  163  8:08  Marine x2  
  166  8:13  Marine  
  166  8:14  Marine x2  
  166  8:15  Medivac  
  166  8:19  Barracks  
  171  8:21  Barracks  
  171  8:23  Barracks  
  171  8:25  Marine x4  
  171  8:26  Marine x2  
  177  8:27  Medivac  
  177  8:31  Marine x2, Supply Depot  
  177  8:32  Marine  
  182  8:37  Siege Tank  
  182  8:40  SCV  
  186  8:43  Marine x2  
  188  8:52  SCV, Marine x7  
  196  9:00  Command Center, Factory Reactor  
  196  9:10  SCV, Marine x4  
  196  9:12  Marine  
Tags
 
League
Diamond
Matchup
TvT
Race
Terran
Spawn Locations
Cross Positions
Add a new tag
Caveats
  • Supply blocks, unpowered buildings, or Contaminate may cause inaccurate times.
  • Supply counts are checked every 10 seconds.